 Dungeon Crawl Stone Soup version 0.24-a0-274-gb3763e6 (webtiles) character file.

Game seed: 17829263541669318783

53 MatthieuS the Poker (level 3, -2/28 HPs)
             Began as a Merfolk Skald on Apr 26, 2019.
             Slain by a gnoll
             ... wielding a +0 whip
              (5 damage)
             ... on level 2 of the Dungeon.
             The game lasted 00:03:27 (1349 turns).

MatthieuS the Poker (Merfolk Skald)                 Turns: 1349, Time: 00:03:27

Health: -2/28      AC:  4    Str: 15    XL:     3   Next: 89%
Magic:  1/6        EV: 12    Int: 13    God:
Gold:   7          SH:  0    Dex: 13    Spells: 2/7 levels left

rFire    . . .     SeeInvis .   a - +0 spear
rCold    . . .     Gourm    .   (no shield)
rNeg     . . .     Faith    .   b - +0 leather armour
rPois    .         Spirit   .   (no helmet)
rElec    .         Reflect  .   (no cloak)
rCorr    .         Harm     .   l - +0 pair of gloves
MR       .....                  (no boots)
Stlth    +.........             (no amulet)
HPRegen  0.09/turn              g - +4 ring of strength
MPRegen  0.10/turn              (no ring)

@: infused
A: change form in water, swift swim, stealthy swim
a: no special abilities


You were on level 2 of the Dungeon.
You were not hungry.

You visited 1 branch of the dungeon, and saw 2 of its levels.

You collected 7 gold pieces.

Inventory:

Hand Weapons
 a - a +0 spear (weapon)
Missiles
 d - 6 poisoned tomahawks (quivered)
Armour
 b - a +0 leather armour (worn)
 l - a +0 pair of gloves (worn)
   (You found it on level 1 of the Dungeon)
Jewellery
 g - a +4 ring of strength (left hand)
   (You found it on level 1 of the Dungeon)
Scrolls
 c - 3 scrolls of amnesia {unknown}
 f - 2 scrolls of remove curse {unknown}
 h - a scroll of identify {unknown}
Potions
 j - a potion of resistance {unknown}
 k - a potion of heal wounds {unknown}
Comestibles
 e - 4 rations
 i - 2 chunks of flesh


   Skills:
 + Level 2.9 Fighting
 + Level 3.9 Polearms
 - Level 0.6 Armour
 - Level 2.6 Dodging
 + Level 2.5 Spellcasting
 + Level 3.8 Charms


You had 2 spell levels left.
You knew the following spells:

 Your Spells              Type           Power        Failure   Level  Hunger
a - Infusion              Chrm           ##..         6%          1    #......
q - Song of Slaying       Chrm           ##......     10%         2    ###....
A - Shroud of Golubria    Chrm/Tloc      #.........   21%         2    ###....

Your spell library contained the following spells:

 Spells                   Type           Power        Failure   Level  Hunger
 Regeneration             Chrm/Necr      #.........   38%         3    ###....
 Spectral Weapon          Hex/Chrm       #.......     38%         3    ###....


Dungeon Overview and Level Annotations

Branches:
Dungeon (2/15)

Altars:


Message History

The gnoll hits you but does no damage.
You hit the gnoll but do no damage. The gnoll hits you but does no damage.
You hit the gnoll.
Your shroud unravels.
The gnoll closely misses you.
A dart slug comes into view.
You barely miss the gnoll. The gnoll barely misses you.
You barely miss the gnoll. The dart slug launches a dart at you.
The slug dart hits you.
* * * LOW HITPOINT WARNING * * *
The gnoll completely misses you.
You hit the gnoll. The gnoll hits you but does no damage.
You barely miss the gnoll.
Your song is almost over.
The gnoll misses you.
You hit the gnoll. The gnoll closely misses you.
You hit the gnoll.
You kill the gnoll!
You hit the gnoll. The gnoll barely misses you.
You hit the gnoll.
You kill the gnoll!
You hit the quokka. The quokka bites you.
* * * LOW HITPOINT WARNING * * *
You hit the quokka but do no damage. The quokka closely misses you.
Unknown command.
You barely miss the quokka.
Your song has ended.
The quokka bites you.
* * * LOW HITPOINT WARNING * * *
Attack whom?
Aim: a quokka (almost dead)
Okay, then.
You begin infusing your attacks with magical energy.
The quokka closely misses you. The dart slug launches a dart at you.
The slug dart hits you.
* * * LOW HITPOINT WARNING * * *
The quokka bites you.
* * * LOW HITPOINT WARNING * * *
The quokka misses you.
You hit the dart slug. The dart slug barely misses you. The quokka bites you.
* * * LOW HITPOINT WARNING * * *
You hit the dart slug!
You kill the dart slug!
The quokka bites you but does no damage.
You hit the quokka!
You kill the quokka!
You barely miss the gnoll. The gnoll hits you with a +0 whip.
You die...

...##...#########
.................
.........########
...#####.####
#........# #........#
#........#
###........#########
...........g@[......
###........#########
#######.############
..............)..รท.#
########.#########.#
#.# #<#.# # #.#
#.#'#####.# #.#
#.........# #.#
#..........


You could see a gnoll.

Vanquished Creatures
  An adder (D:2)
  2 gnolls (D:2)
  2 dart slugs
  A bat (D:1)
  3 giant cockroaches
  4 hobgoblins
  A quokka (D:2)
  A frilled lizard (D:2)
  2 goblins
  3 kobolds
  A rat (D:1)
21 creatures vanquished.

Notes
Turn   | Place    | Note
-------+----------+-------------------------------------------
     0 | D:1      | MatthieuS the Merfolk Skald began the quest for the Orb.
     0 | D:1      | Reached XP level 1. HP: 16/16 MP: 3/3
   415 | D:1      | Reached XP level 2. HP: 22/23 MP: 0/5
   844 | D:1      | Learned a level 2 spell: Song of Slaying
   847 | D:1      | Learned a level 2 spell: Shroud of Golubria
  1215 | D:2      | Reached XP level 3. HP: 27/28 MP: 0/6
  1349 | D:2      | Slain by a gnoll

Levels and vault maps discovered:
D:1:      minmay_arrival_arboretum_large, layout_basic
D:2:      layout_basic, lemuel_zombie_altar_yredelemnul,
          chequers_ecumenical_altar_simple_redux, fedhas_altar_3, uniq_robin

Action                   || total
-------------------------++-------
Melee: Spear             ||    88
 Cast: Infusion          ||    14
       Shroud of Golubri ||     3
       Song of Slaying   ||     1
  Eat: Chunk             ||     2
Armor: Leather armour    ||    13
Dodge: Dodged            ||    41

Table legend:
 A = Non-vault XP
 B = Vault XP
 C = Vault XP percentage of total XP
 D = Non-vault monster count
 E = Vault monster count
 F = Vault count percentage of total count
                 A         B        C        D         E       F
            +---------+---------+-------+---------+---------+-------
      Total |      77 |       0 |   0.0 |      21 |       0 |   0.0
            +---------+---------+-------+---------+---------+-------
        D:1 |      21 |       0 |   0.0 |      11 |       0 |   0.0
        D:2 |      56 |       0 |   0.0 |      10 |       0 |   0.0
            +---------+---------+-------+---------+---------+-------
